 Dungeon Crawl Stone Soup version 0.30-a0-241-g1121274140 (webtiles) character file.

Game seed: 14954937073866186673

3111 Sobieck the Cleaver (level 9, -5/108 HPs)
             Began as an Armataur Fighter on Oct 10, 2022.
             Was an Initiate of Gozag.
             Slain by Grum
             ... wielding a -1 glaive
              (7 damage)
             ... on level 8 of the Dungeon.
             The game lasted 00:11:57 (6848 turns).

Sobieck the Cleaver (Armataur Fighter)              Turns: 6848, Time: 00:11:58

Health: -5/108     AC: 11    Str: 33    XL:     9   Next: 60%
Magic:  9/9        EV:  6    Int:  8    God:    Gozag
Gold:   357        SH:  9    Dex:  9    Spells: 8/8 levels left

rFire   . . .      SeeInvis +    a - +0 war axe {axe}
rCold   + . .      Faith    .    c - +0 buckler
rNeg    . . .      Spirit   .    J - +0 chain mail
rPois   .          Reflect  +    v - +2 helmet
rElec   .          Harm     .    (no cloak)
rCorr   .          Roll     +    (no gloves)
Will    .....                    (no barding)
Stlth   ..........               Z - amulet of Xelusysi {Reflect Str+6 SH+5}
HPRegen 0.38/turn                T - ring of protection from cold
MPRegen 0.11/turn                I - ring of see invisible

@: berserking, hasted, very quick
A: large, rugged brown scales 3, deformed body, armoured tail, roll, long
tongue, awkward tongue
a: Renounce Religion, Potion Petition, Call Merchant, Bribe Branch


You were on level 8 of the Dungeon.
You worshipped Gozag.
Gozag was aware of your devotion.
You visited 2 branches of the dungeon, and saw 9 of its levels.

You collected 554 gold pieces.
You spent 78 gold pieces at shops.
You paid 119 gold pieces to Gozag.


Innate Abilities, Weirdness & Mutations

You are completely covered in rugged brown scales. (AC +3, +7% HP)
Armour fits poorly on your strangely shaped body.
You have a long armoured tail.
You roll when moving toward enemies. (Rampage)
Your long tongue fully drains potion bottles. (2x potion effects)
Your tongue gives you trouble enunciating. (1.5x scroll delay)


   Skills:
 - Level 2.6 Fighting
 + Level 11.4 Axes
 - Level 3.6 Armour
 - Level 3.2 Shields


You had 8 spell levels left.
You didn't know any spells.
Your spell library contained the following spells:

 Spells                   Type           Power      Damage    Failure   Level
 Beastly Appendage        Tmut           0%         N/A       93%         1
 Foxfire                  Conj/Fire      0%         2x1d4     93%         1
 Ensorcelled Hibernation  Hex/Ice        0%         N/A       98%         2
 Passwall                 Tmut/Erth      0%         N/A       98%         2
 Static Discharge         Conj/Air       0%         2-2/arc   98%         2
 Wereblood                Tmut           0%         N/A       98%         2
 Gell's Gravitas          Tloc           0%         N/A       100%        3
 Lesser Beckoning         Tloc           0%         N/A       100%        3
 Spider Form              Tmut/Pois      0%         N/A       100%        3
 Swiftness                Air            0%         N/A       100%        3
 Teleport Other           Tloc           0%         N/A       100%        3
 Vhi's Electric Charge    Tloc/Air       0%         N/A       100%        3
 Manifold Assault         Tloc           0%         N/A       100%        4
 Arcjolt                  Conj/Air       0%         1d10      100%        5
 Fireball                 Conj/Fire      0%         3d3       100%        5
 Lightning Bolt           Conj/Air       0%         1d11      100%        5
 Dispersal                Tloc           0%         N/A       100%        6
 Starburst                Conj/Fire      0%         6d3       100%        6
 Disjunction              Tloc           0%         N/A       100%        8

Inventory:

Hand Weapons
 a - a +0 war axe (weapon) {axe}
 b - a +2 hand axe of venom {axe}
   (You took it off an orc on level 7 of the Dungeon)
 g - a +2 morningstar {mace}
   (You took it off a wight on level 7 of the Dungeon)
 h - a +0 dagger of venom {short}
   (You took it off a goblin on level 1 of the Dungeon)
 w - a +2 vorpal mace {mace}
   (You took it off Robin on level 3 of the Dungeon)
Missiles
 n - 20 stones (quivered) {throwing}
 K - 2 throwing nets {=f!fthrowing}
Armour
 c - a +0 buckler (worn)
 e - a +0 ring mail
   (You took it off an orc on level 5 of the Dungeon)
 f - a +0 leather armour
   (You found it on level 1 of the Dungeon)
 j - a +0 scale mail
   (You found it on level 1 of the Dungeon)
 p - a +0 helmet
   (You found it on level 1 of the Dungeon)
 q - a +0 robe
   (You found it on level 1 of the Dungeon)
 u - a +0 leather armour
   (You found it on level 3 of the Dungeon)
 v - a +2 helmet (worn)
   (You found it on level 3 of the Dungeon)
 x - a +0 animal skin
   (You took it off Robin on level 3 of the Dungeon)
 A - a +0 ring mail
   (You found it on level 3 of the Dungeon)
 B - a +0 leather armour
   (You found it on level 3 of the Dungeon)
 C - a +0 ring mail
   (You took it off an orc on level 3 of the Dungeon)
 D - a +0 leather armour
   (You took it off an orc on level 3 of the Dungeon)
 E - a +0 scale mail
   (You found it on level 3 of the Dungeon)
 H - a +0 ring mail
   (You found it on level 4 of the Dungeon)
 J - a +0 chain mail (worn)
   (You found it on level 4 of the Dungeon)
 L - a +0 ring mail
   (You took it off an orc on level 7 of the Dungeon)
 O - a +0 scale mail
   (You took it off an orc priest on level 5 of the Dungeon)
 P - a +0 leather armour
   (You found it on level 5 of the Dungeon)
 W - a +0 leather armour
   (You found it on level 7 of the Dungeon)
 X - a +0 chain mail
   (You found it on level 6 of the Dungeon)
Magical Staves
 r - a staff of death {!astaff}
   (You found it on level 2 of the Dungeon)
Jewellery
 I - a ring of see invisible (right hand)
   (You took it off an orc on level 5 of the Dungeon)
 R - an amulet of guardian spirit
   (You found it on level 5 of the Dungeon)
 T - a ring of protection from cold (left hand)
   (You found it on level 5 of the Dungeon)
 Z - the amulet of Xelusysi (around neck) {Reflect Str+6 SH+5}
   (You acquired it on level 7 of the Dungeon)

   [amulet of reflection]

   It reflects blocked missile attacks.
   Str:       It affects your strength (+6).
   SH:        It affects your SH (+5).
Wands
 y - a wand of flame (15)
   (You took it off Robin on level 3 of the Dungeon)
 M - a wand of iceblast (7)
   (You took it off a hobgoblin on level 4 of the Dungeon)
 U - a wand of charming (9)
   (You found it on level 5 of the Dungeon)
Scrolls
 i - 3 scrolls of teleportation {@r4}
 m - a scroll of vulnerability {!r!r}
 o - 2 scrolls of amnesia
 s - a scroll of noise {!r}
 V - a scroll of blinking {!r}
Potions
 d - a potion of might
 k - 3 potions of mutation {!q}
 l - 3 potions of degeneration {!q@e2}
 t - 2 potions of haste {@q3}
 F - 2 potions of resistance
 G - a potion of cancellation
 N - 2 potions of ambrosia
 Y - 3 potions of lignification {!q}

Dungeon Overview and Level Annotations

Branches:
Dungeon (8/15) Zot: 26555  Temple (1/1) D:7 Zot: 5850
   Lair: D:8-11

Altars:
Dithmenos
Fedhas
Gozag
Kikubaaqudgha
Makhleb
Nemelex Xobeh
Sif Muna
Trog
Uskayaw
Xom
The Shining One

Shops:
D:7 !

Portals:
Abyss: D:6

Annotations:
D:6 2 transporters, hellse's ghost, novice GnTm
D:8 Grum

##### #...##### #........
#........ ######### #........
##.......# #........
#....).#.########...#####
#........................
#.>...[$@g...............
#######)[[[<###########......
#.......#.### #......
#.#######)# #...... #.# #.#
#...... #.# #.# #......
###.#######.#############))...h
#...............#......).......
#.##............#.........#####


You could see Grum.


Message History

You block the wolf's attack. The wolf attacks as you move away!
The wolf bites you.
* * * LOW HITPOINT WARNING * * *
The wolf attacks as you move away! You block the wolf's attack.
The wolf bites you but does no damage. The wolf attacks as you move away!
The wolf closely misses you. The wolf bites you!
* * * LOW HITPOINT WARNING * * *
You block the wolf's attack. The wolf bites you.
* * * LOW HITPOINT WARNING * * *
The wolf attacks as you move away! The wolf barely misses you.
The wolf bites you but does no damage.
You feel yourself speed up. The wolf bites you.
* * * LOW HITPOINT WARNING * * *
You block the wolf's attack. x2; The wolf bites you but does no damage.
The wolf howls!
Things that are here:
a +0 ring mail; a +0 club {mace}
There is a stone staircase leading up, spattered with blood here.
Unknown command.
The wolf bites you.
* * * LOW HITPOINT WARNING * * *
The wolf completely misses you.
You climb upwards.
There is a stone staircase leading down, spattered with blood here.
Unknown command.
You feel much better. The wolf bites you!
Unknown command.
Unknown command.
You closely miss the wolf. The wolf bites you.
You hit the wolf but do no damage. You block the wolf's attack.
You closely miss the wolf. You tail-slap the wolf! The wolf bites you.
You miss the wolf. You block the wolf's attack.
You slash the wolf!
You kill the wolf!
You now have 357 gold pieces (gained 8).
Items here: ) [[[.
There is a stone staircase leading down, spattered with blood here.
Unknown command.
You climb downwards.
Level annotation: Grum The wolf bites you but does no damage.
The wolf barely misses you. Grum closely misses you.
There is a stone staircase leading up, spattered with blood here.
Danger!
Unknown command.
Unknown command.
You block the wolf's attack.
You climb upwards.
There is a stone staircase leading down, spattered with blood here.
Unknown command.
Unknown command.
You slash the wolf! You block the wolf's attack.
You closely miss the wolf. The wolf completely misses you.
You barely miss the wolf. The wolf bites you but does no damage.
You slice the wolf!!
You kill the wolf!
Your life force feels restored.
Unknown command.
You climb downwards.
Level annotation: Grum You block the wolf's attack.
The wolf bites you but does no damage. Grum barely misses you.
There is a stone staircase leading up, spattered with blood here.
Danger!
Unknown command.
You slash the wolf!
Your tail-slap misses the wolf.
The wolf bites you!
Unknown command.
Grum hits you with a -1 glaive!
* * * LOW HITPOINT WARNING * * *
Things that are here:
a +0 ring mail; a +0 club {mace} You hit Grum but do no damage.
You tail-slap Grum! You slash the wolf! The wolf barely misses you.
Unknown command.
You slash Grum! You miss the wolf. You block the wolf's attack.
Grum glances around and shouts, "Fluffy!
Here boy!"
Grum hits you with a -1 glaive.
* * * LOW HITPOINT WARNING * * *
The wolf bites you.
* * * LOW HITPOINT WARNING * * *
You hit Grum. You hit the wolf. You block Grum's attack.
The wolf bites you but does no damage.
You slash Grum! You hit the wolf. The wolf bites you but does no damage.
Unknown command.
You barely miss Grum. You slash the wolf!
You kill the wolf!
Grum barely misses you.
Unknown command.
You completely miss Grum.
Your tail-slap misses Grum.
Grum hits you with a -1 glaive!!
* * * LOW HITPOINT WARNING * * *
Unknown command.
Really quaff
Q - a potion of berserk rage {!q}?
A red film seems to cover your vision as you go berserk!
You feel yourself moving faster!
You feel mighty! Grum hits you with a -1 glaive!
You die...
Your body crumbles into a pile of gold.

Skill      XL: |  1  2  3  4  5  6  7  8  9 |
---------------+----------------------------+-----
Axes           | 2 3 4 5 6 8 10 11 | 11.4
Fighting       | |  2.6
Armour         | |  3.6
Shields        | |  3.2

Action                   |  1- 3 |  4- 6 |  7- 9 || total
-------------------------+-------+-------+-------++-------
Melee: War axe           |    88 |   155 |   261 ||   504
       Tailslap          |     7 |    19 |    40 ||    66
  Use: Scroll            |       |    13 |     7 ||    20
       Potion            |       |       |    11 ||    11
Armor: Scale mail        |    38 |    35 |       ||    73
       Chain mail        |       |    52 |   169 ||   221
Dodge: Dodged            |    27 |    50 |    83 ||   160
Block: Buckler           |    14 |    26 |   110 ||   150

Levels and vault maps discovered:
D:1:      lightli_arrival_isolated_outpost, layout_loops_ring,
          dreamdust_ecumenical_altar_hidden_monk_grotto, minmay_misc_feat_doors,
          kennysheep_nondescript, minmay_quantized
D:2:      layout_loops_ring
D:3:      layout_basic, uniq_robin
D:4:      layout_rooms
D:5:      layout_basic, tso_metal_star
D:6:      layout_loops_ring, gammafunk_ghost_abyssal_escape, grunt_ministairs_6,
          nicolae_figureground_sparkle, uniq_menkaure
D:7:      layout_cave_pools, minmay_temple_entry_junction, serial_shops,
          kennysheep_mini_moat
D:8:      layout_basic, nicolae_overflow_quartered_altars, dpeg_lair_monsters,
          hangedman_abyss_or_decor_slice, minmay_between, uniq_grum
Temple:   nicolae_temple_bog_church

Notes
Turn   | Place    | Note
-------+----------+-------------------------------------------
     0 | D:1      | Sobieck the Armataur Fighter began the quest for the Orb.
     0 | D:1      | Reached XP level 1. HP: 19/19 MP: 1/1
   107 | D:1      | Reached skill level 2 in Axes
   124 | D:1      | Reached XP level 2. HP: 22/26 MP: 2/2
   217 | D:1      | You pick up a book of the Warp and begin reading...
   217 | D:1      | You add the spells Manifold Assault, Dispersal and
                  | Disjunction to your library.
   677 | D:1      | Found a faded altar of an unknown god.
   912 | D:2      | Reached skill level 3 in Axes
   912 | D:2      | Reached XP level 3. HP: 32/32 MP: 3/3
  1506 | D:3      | Reached XP level 4. HP: 22/39 MP: 4/4
  1692 | D:3      | Noticed Robin
  1713 | D:3      | Killed Robin
  1714 | D:3      | Reached skill level 4 in Axes
  1865 | D:3      | You pick up a book of Changes and begin reading...
  1865 | D:3      | You add the spells Beastly Appendage, Wereblood and Spider
                  | Form to your library.
  1914 | D:3      | You pick up a book of Lightning and begin reading...
  1914 | D:3      | You add the spells Static Discharge, Vhi's Electric Charge,
                  | Lightning Bolt and Arcjolt to your library.
  2020 | D:3      | Reached XP level 5. HP: 40/44 MP: 5/5
  2307 | D:3      | You pick up a book of Changes and begin reading...
  2367 | D:4      | Noticed a phantom
  2390 | D:4      | Killed a phantom
  2391 | D:4      | Reached skill level 5 in Axes
  2509 | D:4      | You pick up a book of Fire and begin reading...
  2509 | D:4      | You add the spells Foxfire, Fireball and Starburst to your
                  | library.
  2578 | D:4      | Reached XP level 6. HP: 53/53 MP: 6/6
  2793 | D:4      | You pick up a book of Displacement and begin reading...
  2793 | D:4      | You add the spells Lesser Beckoning, Gell's Gravitas and
                  | Teleport Other to your library.
  2940 | D:4      | Reached skill level 6 in Axes
  3015 | D:4      | You pick up a book of Burglary and begin reading...
  3015 | D:4      | You add the spells Passwall, Ensorcelled Hibernation and
                  | Swiftness to your library.
  3280 | D:5      | Entered Level 5 of the Dungeon
  3335 | D:5      | Reached XP level 7. HP: 39/59 MP: 7/7
  3545 | D:5      | Reached skill level 7 in Axes
  3884 | D:5      | Found a glowing golden altar of the Shining One.
  4573 | D:6      | Noticed Menkaure
  4588 | D:5      | HP: 13/59 [water moccasin (5)]
  4687 | D:6      | Killed Menkaure
  4688 | D:6      | Reached skill level 8 in Axes
  4688 | D:6      | Reached XP level 8. HP: 66/66 MP: 8/8
  4700 | D:6      | Found a transporter.
  5182 | D:6      | Reached skill level 9 in Axes
  5217 | D:6      | Found a one-way gate to the infinite horrors of the Abyss.
  5217 | D:6      | Noticed hellse's ghost (novice GnTm)
  5454 | D:6      | Found a transporter.
  5604 | D:7      | Identified a scroll of acquirement
  5604 | D:7      | Acquired the amulet of Xelusysi {Reflect Str+6 SH+5}
  5714 | D:7      | Found a staircase to the Ecumenical Temple.
  5726 | D:7      | Reached skill level 10 in Axes
  5735 | Temple   | Entered the Ecumenical Temple
  5874 | Temple   | Became a worshipper of Gozag Ym Sagoz the Greedy
  5970 | D:7      | Reached XP level 9. HP: 67/72 MP: 9/9
  6337 | D:7      | Found Geikega's Distillery.
  6340 | D:7      | Bought 2 potions of lignification for 78 gold pieces
  6584 | D:7      | HP: 15/70 [wight/+4 falchion (8)]
  6658 | D:8      | Reached skill level 11 in Axes
  6759 | D:8      | Identified the +10 spear "Keef" {protect, rN+++ Str-5
                  | Int+6}
  6785 | D:8      | Noticed Grum
  6814 | D:8      | HP: 12/68 [wolf[Grum] (6)]
  6819 | D:8      | HP: 11/68 [wolf[Grum] (1)]
  6847 | D:8      | HP: 1/72 [Grum/-1 glaive (23)]
  6848 | D:8      | Slain by Grum

Vanquished Creatures
  Menkaure (D:6)
  2 water moccasins
  3 ice beasts
  An orc warrior (D:8)
  A black bear (D:6)
  4 wolves
  2 centaurs (D:5)
  2 ogres
  4 phantoms
  3 necrophages
  A scorpion (D:6)
  5 wights
  4 orc priests
  2 hounds
  3 jellies
  A gnoll bouda (D:7)
  5 orc wizards
  3 iguanas
  Robin (D:3)
  7 adders
  13 gnolls
  A shadow imp (D:5)
  3 white imps
  An ufetubus (D:4)
  A worm (D:2)
  A dart slug (D:3)
  20 orcs
  8 ball pythons
  7 endoplasms
  5 giant cockroaches
  14 goblins
  6 hobgoblins
  7 jackals
  6 quokkas
  7 bats
  3 frilled lizards
  4 kobolds
  6 rats
168 creatures vanquished.

Vanquished Creatures (collateral kills)
  A gnoll (D:5)
1 creature vanquished.

Grand Total: 169 creatures vanquished

Table legend:
 A = Non-vault XP
 B = Vault XP
 C = Vault XP percentage of total XP
 D = Non-vault monster count
 E = Vault monster count
 F = Vault count percentage of total count
                 A         B        C        D         E       F
            +---------+---------+-------+---------+---------+-------
      Total |    3605 |     840 |  18.9 |     148 |      21 |  12.4
            +---------+---------+-------+---------+---------+-------
        D:1 |      24 |       5 |  17.2 |      15 |       3 |  16.7
        D:2 |      59 |       0 |   0.0 |      19 |       0 |   0.0
        D:3 |      81 |      36 |  30.8 |      17 |      11 |  39.3
        D:4 |     416 |       0 |   0.0 |      30 |       0 |   0.0
        D:5 |     643 |     148 |  18.7 |      18 |       2 |  10.0
        D:6 |     681 |     172 |  20.2 |      10 |       1 |   9.1
        D:7 |    1162 |     236 |  16.9 |      25 |       2 |   7.4
        D:8 |     539 |     243 |  31.1 |      14 |       2 |  12.5
            +---------+---------+-------+---------+---------+-------

Illustrated notes

Table legend:
 A = Kills in this place as a percentage of kills in entire the game.
 B = Kills by you in this place as a percentage of kills by you in the entire game.
 C = Kills by friends in this place as a percentage of kills by friends in the entire game.
 D = Other kills in this place as a percentage of other kills in the entire game.
 E = Experience gained in this place as a percentage of experience gained in the entire game.
 F = Experience gained in this place divided by the number of levels of this place that you have seen.
                   A       B       C       D       E      F
               +-------+-------+-------+-------+-------+----------------------
         Total | 100.0 | 100.0 | 100.0 |   N/A | 100.0 | 493.9
       Dungeon | 100.0 | 100.0 | 100.0 |   N/A | 100.0 | 555.6
               +-------+-------+-------+-------+-------+----------------------

Table legend: (Time is in decaauts)
 A = Elapsed time spent in this place.
 B = Non-inter-level travel time spent in this place.
 C = Inter-level travel time spent in this place.
 D = Time resting spent in this place.
 E = Time spent auto-exploring this place.
 F = Levels seen in this place.
 G = Mean time per level.
                   A        B        C        D        E       F      G
               +--------+--------+--------+--------+--------+-----+--------+
         Total |   6961 |   6760 |    201 |    510 |   4980 |   9 |  773.4 |
       Dungeon |   6811 |   6620 |    191 |    510 |   4853 |   8 |  851.4 |
        Temple |    149 |    139 |     10 |      0 |    127 |   1 |  149.0 |
               +--------+--------+--------+--------+--------+-----+--------+

Top non-repeatable levels by time:
     D:5: 1406 daAuts
     D:4: 975 daAuts
     D:6: 913 daAuts
     D:3: 894 daAuts
     D:7: 822 daAuts
     D:1: 818 daAuts
     D:2: 686 daAuts
     D:8: 295 daAuts
  Temple: 149 daAuts
